 Dungeon Crawl Stone Soup version 0.21-a0-1-gaf3b9a5 (webtiles) character file.

14 turnburgler the Caller (level 2, 0/15 HPs)
             Began as a Deep Elf Summoner on May 20, 2017.
             Succumbed to an adder's poison
             ... on level 2 of the Dungeon.
             The game lasted 00:08:37 (1110 turns).

turnburgler the Caller (Deep Elf Summoner)          Turns: 1110, Time: 00:08:37

Health: 0/15       AC:  3    Str: 10    XL:     2   Next: 31%
Magic:  3/8        EV: 12    Int: 19    God:
Gold:   68         SH:  0    Dex: 15    Spells: 4/7 levels left

rFire    . . .     SeeInvis .   i - +1 dagger (venom)
rCold    . . .     Gourm    .   (no shield)
rNeg     . . .     Faith    .   a - +0 robe
rPois    .         Spirit   .   d - +0 helmet
rElec    .         Reflect  .   (no cloak)
rCorr    .         Harm     .   (no gloves)
MR       .....                  (no boots)
Stlth    ++........             (no amulet)
Regen    0.1/turn               (no ring)
MPRegen  0.2/turn               (no ring)

@: mighty, lethally poisoned (0 -> -6), heavily drained
A: no striking features
a: no special abilities


You were on level 2 of the Dungeon.
You were not hungry.

You visited 1 branch of the dungeon, and saw 2 of its levels.

You collected 68 gold pieces.

Inventory:

Hand Weapons
 f - a +0 dagger
 i - a +1 dagger of venom (weapon)
Armour
 a - a +0 robe (worn)
 d - a +0 helmet (worn)
Scrolls
 g - a scroll of noise {unknown}
 k - 2 scrolls of fear {unknown}
 l - a scroll of teleportation {unknown}
Books
 b - a book of Callings

   Spells                             Type                      Level
   a - Summon Small Mammal            Summoning                    1
   b - Call Imp                       Summoning                    2
   c - Call Canine Familiar           Summoning                    3
   d - Summon Guardian Golem          Hexes/Summoning              3
   e - Summon Lightning Spire         Summoning/Air                4
   f - Summon Ice Beast               Ice/Summoning                4
Comestibles
 c - 2 bread rations
 j - a meat ration


   Skills:
 + Level 0.2(0.0) Armour
 * Level 2.9(1.3) Dodging
 - Level 2.4(0.8) Stealth
 + Level 3.1(1.5) Spellcasting
 * Level 4.6(2.9) Summonings


You had 4 spell levels left.
You knew the following spells:

 Your Spells              Type           Power        Failure   Level  Hunger
a - Summon Small Mammal   Summ           ##..         5%          1    ##.....
b - Call Imp              Summ           ##......     8%          2    ###....


Dungeon Overview and Level Annotations

Branches:
Dungeon (2/15)

Altars:
Nemelex Xobeh


Message History

The adder is severely wounded.
Your bat closely misses the adder.
The goblin hits your rat. The adder bites you but does no damage.
Your rat bites the adder but does no damage.
Your magical contamination has completely faded away.
You hit the adder.
The adder is almost dead.
Your bat barely misses the adder.
Your bat completely misses the goblin.
The adder barely misses you.
Your quokka barely misses the adder.
The goblin hits your rat.
Your rat dies!
Your rat's corpse disappears in a puff of smoke!
The adder bites you.
* * * LOW HITPOINT WARNING * * *
Your quokka misses the adder.
Your bat closely misses the adder.
The goblin closely misses your quokka.
You see here a scroll labeled MEOTAL YNIFOC.
It was a potion of might.
You feel very mighty all of a sudden.
You die...

#.##.# #.##.# ##.##.# #
.._...# ..
.#.#..###+#+#+#+## ...
.#.#.............###....
.#.#####................
.+.....'......b.........
.#.#####.....grS@.###
.#.# #..............#
.#.# ########+#..##.# .+
...>. . ..##.# ... ..
.... # .#...


You could see an adder, a goblin, a friendly quokka and a friendly bat.

Vanquished Creatures
  A giant cockroach (D:1)
  A hobgoblin (D:1)
2 creatures vanquished.

Vanquished Creatures (collateral kills)
  A giant cockroach (D:1)
  4 goblins (D:1)
  A hobgoblin (D:1)
  A kobold (D:1)
  3 bats (D:1)
  2 frilled lizards (D:1)
  7 rats (D:1)
19 creatures vanquished.

Grand Total: 21 creatures vanquished

Notes
Turn   | Place    | Note
-------+----------+-------------------------------------------
     0 | D:1      | turnburgler the Deep Elf Summoner began the quest for the Orb.
     0 | D:1      | Reached XP level 1. HP: 10/10 MP: 6/6
   600 | D:1      | Reached XP level 2. HP: 15/15 MP: 6/8
   909 | D:1      | Learned a level 2 spell: Call Imp
  1069 | D:2      | Found a sparkling altar of Nemelex Xobeh.
  1110 | D:2      | Succumbed to an adder's poison

Vault maps used:
D:1:      lightli_arrival_chessboard
D:2:      grunt_temple_overflow_order_and_chaos_2,
          grunt_temple_overflow_holy_war, lemuel_crystal_altar

Action                   || total
-------------------------++-------
Melee: Dagger            ||    17
 Cast: Summon Small Mamm ||    34
       Call Imp          ||     1
  Use: Potion            ||     1
  Eat: Chunk             ||     1
Armor: Robe              ||    11
Dodge: Dodged            ||    24
